 Dungeon Crawl Stone Soup version 0.25.1-9-gc5326a611f (webtiles) character file.

Game seed: 9801860708304644932

40 raceaflais the Grave Robber (level 3, -2/26 HPs)
             Began as a Hill Orc Necromancer on Dec 28, 2020.
             Killed by nerve-wracking pain
             ... invoked by an orc priest
              (12 damage)
             ... on level 2 of the Dungeon.
             The game lasted 00:11:19 (2260 turns).

raceaflais the Grave Robber (Hill Orc Necromancer)  Turns: 2260, Time: 00:11:20

Health: -2/26      AC:  6    Str:  7 (10) XL:     3   Next: 50%
Magic:  3/5        EV:  9    Int: 14 (16) God:
Gold:   36         SH:  0    Dex:  9 (11) Spells: 4/5 levels left

rFire    . . .     SeeInvis .   f - +1 whip (drain)
rCold    . . .     Gourm    .   (no shield)
rNeg     . . .     Faith    .   o - +0 ring mail
rPois    .         Spirit   .   (no helmet)
rElec    .         Reflect  .   k - +0 cloak (curse)
rCorr    .         Harm     .   (no gloves)
MR       .....                  (no boots)
Stlth    +.........             (no amulet)
HPRegen  0.08/turn              (no ring)
MPRegen  0.09/turn              (no ring)

@: no status effects
A: no striking features
a: Convert to Beogh


You were on level 2 of the Dungeon.
You were not hungry.

You visited 1 branch of the dungeon, and saw 2 of its levels.

You collected 36 gold pieces.

Inventory:

Hand Weapons
 b - a +0 hunting sling
 d - a +0 club
 e - a +0 club
 f - a +1 whip of draining (weapon)
 m - a +0 club
 n - a +1 short sword of holy wrath
 p - a +0 dagger
 r - a +0 flail
Missiles
 g - 16 stones (quivered)
 h - 23 sling bullets
 q - 10 poisoned darts
Armour
 a - a +0 robe
 i - a +0 robe
 k - a cursed +0 cloak (worn)
 l - a +0 leather armour
 o - a +0 ring mail (worn)
Potions
 j - a potion of heal wounds
Comestibles
 c - a ration


   Skills:
 + Level 0.1 Maces & Flails
 + Level 0.1 Throwing
 + Level 1.7 Dodging
 + Level 1.7 Stealth
 + Level 1.9 Spellcasting
 + Level 4.8 Necromancy


You had 4 spell levels left.
You knew the following spells:

 Your Spells              Type           Power        Failure   Level  Hunger
a - Pain                  Necr           ##..         12%         1    ##.....

Your spell library contained the following spells:

 Spells                   Type           Power        Failure   Level  Hunger
 Animate Skeleton         Necr           N/A          12%         1    ##.....
 Vampiric Draining        Necr           ##........   34%         3    ####...
 Animate Dead             Necr           N/A          75%         4    #####..
 Agony                    Necr           ##......     97%         5    ######.


Dungeon Overview and Level Annotations

Branches:
Dungeon (2/15)

Altars:


Message History

You are too injured to fight recklessly!
Casting: Pain (safe; 12% risk of failure)
Confirm with . or Enter, or press ? or * to list all spells.
Aiming: Pain (safe; 12% risk of failure)
Press: ? - help, Shift-Dir - straight line, f - orc priest
Aim: an orc priest, wielding a +0 flail (moderately wounded, chance to defeat MR: 72%)
The orc priest writhes in agony.
The orc priest shouts, "Beogh is our master!
Accept the truth or die!"
The orc priest closely misses you.
There is a fountain of sparkling water here.
Casting: Pain (safe; 12% risk of failure)
Confirm with . or Enter, or press ? or * to list all spells.
Aiming: Pain (safe; 12% risk of failure)
Press: ? - help, Shift-Dir - straight line, f/p - orc priest
Aim: an orc priest, wielding a +0 flail (moderately wounded, chance to defeat MR: 72%)
The orc priest writhes in agony.
The orc priest hits you but does no damage.
The orc priest invokes the aid of Beogh against you.
Pain shoots through your body!
You die...

#.##...# ... #.....##
#.! ##†...## ♣.♣ #.÷..#o
♣♣♣.♣♣♣♣.####†...#o
♣♣PP.PP♣♣......†..#o .#
♣PP...PP♣♣###.....##
...♣♣P.....P♣♣##......##
#......@⌠o.......#.#...#
###♣♣P.....P♣♣#..#.#....
♣PP...PP♣♣..##.#....
♣♣PP.PP♣♣#..##.#..##
♣♣♣.♣♣♣♣...<..#..#
♣.♣♣.#.#..###.##
#.#..#.##.....#
#......##.#...#
##.##.....#....#


You could see an orc priest.

Vanquished Creatures
  An adder (D:2)
  An orc (D:2)
  A ball python (D:1)
  4 bats
  2 giant cockroaches (D:1)
  5 goblins
  4 hobgoblins
  4 kobolds
  4 frilled lizards
  4 rats
30 creatures vanquished.

Notes
Turn   | Place    | Note
-------+----------+-------------------------------------------
     0 | D:1      | raceaflais the Hill Orc Necromancer began the quest for the
                  | Orb.
     0 | D:1      | Reached XP level 1. HP: 14/14 MP: 3/3
   477 | D:1      | Reached XP level 2. HP: 20/20 MP: 2/4
  1874 | D:2      | Reached XP level 3. HP: 26/26 MP: 3/5
  2260 | D:2      | Killed from afar by an orc priest

Illustrated notes

Levels and vault maps discovered:
D:1:      elethiomel_arrival_infinity_welcomes_careful_drivers,
          layout_loops_ring, minmay_tiny_reverse_x
D:2:      cheibrodos_pilgrimage, layout_rooms, tso_metal_star,
          makhleb_grotto_becter, first_ration, serial_forest,
          infiniplex_forest_clump_large, infiniplex_forest_fountain,
          infiniplex_forest_straight_4, infiniplex_forest_straight_2,
          infiniplex_forest_clump_small, infiniplex_forest_straight_2,
          minivault_19

Action                   || total
-------------------------++-------
Melee: Whip              ||    38
Throw: Stone             ||     1
 Cast: Pain              ||    36
  Use: Potion            ||     5
       Scroll            ||     4
  Eat: Chunk             ||     2
       Ration            ||     1
Armor: Robe              ||    12
       Ring mail         ||     3
Dodge: Dodged            ||    27
